Reign vs Senators

Created - Sunday, December 13, 2015 at 02:47

Goals
1 2 3 T
Reign 0 0 0 0
Senators 0 1 0 1
Shots
1 2 3 T
Reign 9 6 6 21
Senators 9 12 4 25

1st period

No Goal

Penalties :
Griffin Reinhart (BIN) for Hooking (Minor) at 0:42, Brett Olson (ONT) for Tripping (Minor) at 3:02, Derek Forbort (ONT) for Slashing (Minor) at 11:20, Colton Orr (BIN) for Fighting (Major) at 16:13, Brian McGrattan (ONT) for Fighting (Major) at 16:13

2nd period

1. Senators , Ryan Craig 4 (Tom Nilsson) at 15:20

Penalties :
Ryan Craig (BIN) for Fighting (Major) at 0:20, Luke Gazdic (ONT) for Fighting (Major) at 0:20, Kenny Ryan (BIN) for Fighting (Major) at 1:32, Derek Forbort (ONT) for Fighting (Major) at 1:32, Ryan Craig (BIN) for Fighting (Major) at 8:39, Luke Gazdic (ONT) for Fighting (Major) at 8:39, Colton Orr (BIN) for Fighting (Major) at 9:12, Jared Knight (ONT) for Fighting (Major) at 9:12, Derek Forbort (ONT) for High sticking (Minor) at 16:21

3rd period

No Goal

Penalties :
Joe Finley (BIN) for Fighting (Major) at 1:40, Brian McGrattan (ONT) for Fighting (Major) at 1:40, Kevin Bieksa (ONT) for Tripping (Minor) at 9:24, Joe Finley (BIN) for Holding (Minor) at 13:33, Colton Orr (BIN) for Fighting (Major / Game Misconduct) at 16:05, Taylor Doherty (ONT) for Fighting (Major) at 16:05, Joe Finley (BIN) for Fighting (Major) at 18:23, Luke Gazdic (ONT) for Fighting (Major / Game Misconduct) at 18:23, Luke Gazdic (ONT) for instigated a fight (Minor) at 18:23, Luke Gazdic (ONT) for instigated a fight (10 Minutes Misconduct) at 18:23

Goalie Stats

Troy Grosenick (ONT), 24 saves from 25 shots - (0.960), L, 14-7-10, 60:00 minutes
Jean-Francois Berube (BIN), 21 saves from 21 shots - (1.000), W, 13-11-6, 60:00 minutes

Players Stats for Reign

Player Name              G  A  P  +/- PIM S  H  SB GA TA FO     MP     PP MP  PK MP  
------------------------------------------------------------------------------------
Brett Olson              0  0  0   0  2   0  6  0  0  0  1/9    17:43   2:14   0:26 
Brian McGrattan          0  0  0   0  10  1  0  1  3  1  0/1    11:56   0:00   0:00 
C.J. Stretch             0  0  0   0  0   1  0  1  2  0  9/13   17:00   0:00   3:25 
Cody Beach               0  0  0   0  0   0  1  0  0  1  1/1    14:28   0:00   0:00 
Davis Drewiske           0  0  0   0  0   2  1  1  0  0  0/0    13:02   0:00   0:00 
Derek Forbort            0  0  0  -1  9   0  0  1  2  1  0/0    15:48   1:54   1:33 
Evan Oberg               0  0  0   0  0   0  1  0  0  0  0/0     5:59   0:00   0:48 
Jared Knight             0  0  0   0  5   0  1  0  0  0  0/0     6:18   0:00   0:00 
Jason Jaffray            0  0  0   0  0   1  0  0  2  0  1/2    19:34   2:14   2:42 
Justin Falk              0  0  0   0  0   1  1  2  1  3  0/0    23:28   2:04   6:05 
Kevin Bieksa             0  0  0   0  2   2  2  3  3  4  0/0    28:16   2:04   5:12 
Luke Gazdic              0  0  0  -1  37  2  1  0  2  1  0/0    13:16   1:44   1:26 
Matej Stransky           0  0  0   0  0   0  1  0  0  0  0/0     2:59   0:00   0:00 
Nathan Paetsch           0  0  0  -1  0   3  1  3  0  1  0/0    20:19   1:54   3:27 
Taylor Doherty           0  0  0   0  5   0  3  1  0  0  0/0    14:31   0:00   1:59 
Teuvo Teravainen         0  0  0  -1  0   2  0  0  0  0  0/2    22:33   1:44   4:15 
Tom Kostopoulos          0  0  0   0  0   3  1  0  0  1  1/1    20:04   2:14   2:11 
William Karlsson         0  0  0  -1  0   3  0  0  4  0  11/20  22:57   1:44   4:39 

Players Stats for Senators

Player Name              G  A  P  +/- PIM S  H  SB GA TA FO     MP     PP MP  PK MP  
------------------------------------------------------------------------------------
Cody Hodgson             0  0  0   0  0   4  0  1  1  2  9/19   24:54   3:51   2:05 
Colin Greening           0  0  0   0  0   3  2  0  2  0  0/0     6:18   0:00   0:00 
Colton Orr               0  0  0   1  25  1  1  0  0  0  0/1    12:37   0:46   0:00 
Connor Brown             0  0  0   0  0   0  0  0  0  0  0/0     1:25   0:00   0:00 
Darcy Zajac              0  0  0   1  0   1  0  0  1  0  1/2    10:57   1:37   1:08 
Evan Trupp               0  0  0   0  0   3  1  0  1  0  4/9    20:13   4:50   0:28 
Greg Nemisz              0  0  0   0  0   1  1  1  0  2  0/0    17:10   4:28   0:00 
Griffin Reinhart         0  0  0   0  2   0  2  3  0  1  0/0    23:42   5:14   1:03 
Jesse Blacker            0  0  0   0  0   0  1  2  0  1  0/0    24:26   5:14   2:04 
Joe Finley               0  0  0   0  12  1  1  1  0  1  0/0    18:53   3:27   0:58 
Josh Leivo               0  0  0   0  0   1  3  0  5  1  0/2    22:05   4:05   1:25 
Kenny Ryan               0  0  0   0  5   1  0  1  2  0  3/5    19:17   2:36   0:00 
Matt Finn                0  0  0   1  0   1  1  0  0  1  0/0    15:11   0:51   0:00 
Mike Brown               0  0  0   0  0   1  4  1  2  0  1/2     9:56   2:14   0:45 
Philip McRae             0  0  0   0  0   4  1  1  2  0  7/9    11:33   0:00   0:00 
Ryan Craig               1  0  1   1  10  2  1  2  7  3  0/0    19:04   4:09   2:05 
Tom Nilsson              0  1  1   1  0   1  0  0  0  0  0/0    15:43   0:00   1:57 
Viktor Loov              0  0  0   0  0   0  0  2  0  0  0/0    22:23   4:18   1:54 

3 Stars

1 - Jean-Francois Berube (BIN)
2 - Troy Grosenick (ONT)
3 - Tom Nilsson (BIN)

Power Play

Reign - 0 on 2 Attempt(s) - 0.00%
Senators - 0 on 5 Attempt(s) - 0.00%

Penalty Kill

Reign - 5 on 5 Attempt(s) - 100.00% - Score 0 goal in Penalty Kill
Senators - 2 on 2 Attempt(s) - 100.00% - Score 0 goal in Penalty Kill

Team Stat

Reign - Hits : 20 - Faceoff Wins : 24 - Blocked Shots : 13 - Penalty Minutes : 70
Senators - Hits : 19 - Faceoff Wins : 25 - Blocked Shots : 15 - Penalty Minutes : 54

Official

Referees : Unknown
Linesman : Unknown

Game Notes

Brian McGrattan beats up Colton Orr at 16:13 of 1st period
Ryan Craig and Luke Gazdic fight to a draw at 0:20 of 2nd period
Derek Forbort beats up Kenny Ryan at 1:32 of 2nd period
Mike Brown is injured at 8:34 of 2nd period (Broken Left Thumb)
Luke Gazdic beats up Ryan Craig at 8:39 of 2nd period
Colton Orr and Jared Knight fight to a draw at 9:12 of 2nd period
Joe Finley beats up Brian McGrattan at 1:40 of 3rd period
Colton Orr beats up Taylor Doherty at 16:05 of 3rd period
Colton Orr ejected from game at 16:05 of 3rd period
Colton Orr from Senators is suspended for 1 game(s)
Joe Finley beats up Luke Gazdic at 18:23 of 3rd period
Luke Gazdic ejected from game at 18:23 of 3rd period

Finance

Level 1 -- Attendance: 1548 (77.40%) -- Ticket Income $54,180
Level 2 -- Attendance: 735 (73.50%) -- Ticket Income $11,025
Total Attendance: 2283 (76.10%)
Total Ticket Income: $65,205
Other Income: $31,950
Total Income: $97,155

Reign

5 vs 5 Forward 
   Center                   Left Wing                Right Wing               Time % Phy DF OF 
 1 William Karlsson         Luke Gazdic              Teuvo Teravainen         35     1   2  2  
 2 Brett Olson              Jason Jaffray            Tom Kostopoulos          30     1   2  2  
 3 C.J. Stretch             Cody Beach               Brian McGrattan          22     1   2  2  
 4 William Karlsson         Teuvo Teravainen         Matej Stransky           13     1   2  2  

5 vs 5 Defense 
   Defense                  Defense                                           Time % Phy DF OF 
 1 Kevin Bieksa             Justin Falk                                       35     1   2  2  
 2 Nathan Paetsch           Derek Forbort                                     30     1   2  2  
 3 Davis Drewiske           Taylor Doherty                                    22     1   2  2  
 4 Evan Oberg               Kevin Bieksa                                      13     1   2  2  

PowerPlay Forward 
   Center                   Left Wing                Right Wing               Time % Phy DF OF 
 1 William Karlsson         Luke Gazdic              Teuvo Teravainen         60     1   2  2  
 2 Brett Olson              Jason Jaffray            Tom Kostopoulos          40     1   2  2  

PowerPlay Defense
   Defense                  Defense                                           Time % Phy DF OF 
 1 Kevin Bieksa             Justin Falk                                       60     1   2  2  
 2 Nathan Paetsch           Derek Forbort                                     40     1   2  2  

Penalty Kill 4 Players Forward 
   Center                   Wing                     Time % Phy DF OF 
 1 William Karlsson         Teuvo Teravainen         60     1   2  2  
 2 Tom Kostopoulos          Luke Gazdic              40     1   2  2  

Penalty Kill 4 Players Defense
   Defense                  Defense                  Time % Phy DF OF 
 1 Kevin Bieksa             Justin Falk              60     1   2  2  
 2 Nathan Paetsch           Derek Forbort            40     1   2  2  

Penalty Kill - 3 Players Forward 
   Forward                                           Time % Phy DF OF 
 1 William Karlsson                                  60     1   2  2  
 2 Teuvo Teravainen                                  40     1   2  2  

Penalty Kill - 3 Players Defense
   Defense                  Defense                  Time % Phy DF OF 
 1 Kevin Bieksa             Justin Falk              60     1   2  2  
 2 Nathan Paetsch           Derek Forbort            40     1   2  2  

4 vs 4 Forward 
   Center                   Wing                     Time % Phy DF OF 
 1 William Karlsson         Teuvo Teravainen         60     1   2  2  
 2 Tom Kostopoulos          Luke Gazdic              40     1   2  2  

4 vs 4 Defense
   Defense                  Defense                  Time % Phy DF OF 
 1 Kevin Bieksa             Justin Falk              60     1   2  2  
 2 Nathan Paetsch           Derek Forbort            40     1   2  2  

Last Minutes Offensive
   Center                   Left Wing                Right Wing               Defense                  Defense                  
   William Karlsson         Luke Gazdic              Teuvo Teravainen         Kevin Bieksa             Justin Falk              

Last Minutes Defensive
   Center                   Left Wing                Right Wing               Defense                  Defense                  
   William Karlsson         Luke Gazdic              Teuvo Teravainen         Kevin Bieksa             Justin Falk              

Goaltenders
Starting : Troy Grosenick           
Backup : Anthony Peters           

Extra Forwards
Normal : Jared Knight, Brian McGrattan, C.J. Stretch - PP : Jared Knight, Brian McGrattan - PK : C.J. Stretch
Extra Defensemen
Normal : Davis Drewiske, Taylor Doherty, Evan Oberg - PP : Davis Drewiske - PK : Taylor Doherty, Evan Oberg
Penalty Shots
William Karlsson, Teuvo Teravainen, Tom Kostopoulos, Luke Gazdic, Brian McGrattan

Senators

5 vs 5 Forward 
   Center                   Left Wing                Right Wing               Time % Phy DF OF 
 1 Cody Hodgson             Ryan Craig               Mike Brown               35     1   2  2  
 2 Evan Trupp               Josh Leivo               Greg Nemisz              30     1   2  2  
 3 Philip McRae             Cody Hodgson             Kenny Ryan               22     1   2  2  
 4 Cody Hodgson             Colin Greening           Colton Orr               13     1   2  2  

5 vs 5 Defense 
   Defense                  Defense                                           Time % Phy DF OF 
 1 Jesse Blacker            Griffin Reinhart                                  35     1   2  2  
 2 Joe Finley               Viktor Loov                                       30     1   2  2  
 3 Matt Finn                Tom Nilsson                                       22     1   2  2  
 4 Jesse Blacker            Griffin Reinhart                                  13     1   2  2  

PowerPlay Forward 
   Center                   Left Wing                Right Wing               Time % Phy DF OF 
 1 Cody Hodgson             Ryan Craig               Mike Brown               60     1   2  2  
 2 Evan Trupp               Josh Leivo               Greg Nemisz              40     1   2  2  

PowerPlay Defense
   Defense                  Defense                                           Time % Phy DF OF 
 1 Jesse Blacker            Griffin Reinhart                                  60     1   2  2  
 2 Joe Finley               Viktor Loov                                       40     1   2  2  

Penalty Kill 4 Players Forward 
   Center                   Wing                     Time % Phy DF OF 
 1 Cody Hodgson             Ryan Craig               60     1   2  2  
 2 Mike Brown               Josh Leivo               40     1   2  2  

Penalty Kill 4 Players Defense
   Defense                  Defense                  Time % Phy DF OF 
 1 Jesse Blacker            Griffin Reinhart         60     1   2  2  
 2 Joe Finley               Viktor Loov              40     1   2  2  

Penalty Kill - 3 Players Forward 
   Forward                                           Time % Phy DF OF 
 1 Cody Hodgson                                      60     1   2  2  
 2 Ryan Craig                                        40     1   2  2  

Penalty Kill - 3 Players Defense
   Defense                  Defense                  Time % Phy DF OF 
 1 Jesse Blacker            Griffin Reinhart         60     1   2  2  
 2 Joe Finley               Viktor Loov              40     1   2  2  

4 vs 4 Forward 
   Center                   Wing                     Time % Phy DF OF 
 1 Cody Hodgson             Ryan Craig               60     1   2  2  
 2 Mike Brown               Josh Leivo               40     1   2  2  

4 vs 4 Defense
   Defense                  Defense                  Time % Phy DF OF 
 1 Jesse Blacker            Griffin Reinhart         60     1   2  2  
 2 Joe Finley               Viktor Loov              40     1   2  2  

Last Minutes Offensive
   Center                   Left Wing                Right Wing               Defense                  Defense                  
   Cody Hodgson             Ryan Craig               Mike Brown               Jesse Blacker            Griffin Reinhart         

Last Minutes Defensive
   Center                   Left Wing                Right Wing               Defense                  Defense                  
   Cody Hodgson             Ryan Craig               Mike Brown               Jesse Blacker            Griffin Reinhart         

Goaltenders
Starting : Jean-Francois Berube     
Backup : Cedrick Desjardins       

Extra Forwards
Normal : Cody Hodgson, Kenny Ryan, Ryan Craig - PP : Cody Hodgson, Kenny Ryan - PK : Cody Hodgson
Extra Defensemen
Normal : Matt Finn, Tom Nilsson, Joe Finley - PP : Matt Finn - PK : Tom Nilsson, Joe Finley
Penalty Shots
Cody Hodgson, Ryan Craig, Mike Brown, Josh Leivo, Greg Nemisz

% Time on Ice - Reign

Lines # - Real PCT - Wanted PCT - Time Play
Normal Forward
1 - 30% - 35% - 13:45
2 - 34% - 30% - 15:39
3 - 30% - 22% - 14:07
4 - 6% - 13% - 2:59
Normal Defense
1 - 33% - 35% - 15:19
2 - 32% - 30% - 14:58
3 - 24% - 22% - 11:01
4 - 11% - 13% - 5:12
PP Forward
1 - 44% - 60% - 1:44
2 - 56% - 40% - 2:14
PP Defense
1 - 52% - 60% - 2:04
2 - 48% - 40% - 1:54
PK Forward
1 - 77% - 60% - 7:21
2 - 23% - 40% - 2:11
PK Defense
1 - 64% - 60% - 6:05
2 - 36% - 40% - 3:27
PK3 Forward
1 - 0% - 60%
2 - 0% - 40%
PK3 Defense
1 - 0% - 60%
2 - 0% - 40%
44 Forward
1 - 0% - 60%
2 - 0% - 40%
44 Defense
1 - 0% - 60%
2 - 0% - 40%
Last Minute Offensive  - 0:00
Last Minute Defensive  - 0:00
Total
Forward - 60:00
Defense - 60:00

% Time on Ice - Senators

Lines # - Real PCT - Wanted PCT - Time Play
Normal Forward
1 - 37% - 35% - 17:04
2 - 28% - 30% - 13:00
3 - 23% - 22% - 10:32
4 - 13% - 13% - 5:54
Normal Defense
1 - 32% - 35% - 14:45
2 - 35% - 30% - 16:11
3 - 28% - 22% - 13:10
4 - 5% - 13% - 2:24
PP Forward
1 - 53% - 60% - 5:04
2 - 47% - 40% - 4:28
PP Defense
1 - 55% - 60% - 5:14
2 - 45% - 40% - 4:18
PK Forward
1 - 81% - 60% - 3:13
2 - 19% - 40% - 0:45
PK Defense
1 - 52% - 60% - 2:04
2 - 48% - 40% - 1:54
PK3 Forward
1 - 0% - 60%
2 - 0% - 40%
PK3 Defense
1 - 0% - 60%
2 - 0% - 40%
44 Forward
1 - 0% - 60%
2 - 0% - 40%
44 Defense
1 - 0% - 60%
2 - 0% - 40%
Last Minute Offensive  - 0:00
Last Minute Defensive  - 0:00
Total
Forward - 60:00
Defense - 60:00

Play by Play

1st period


0:01 of 1st period - William Karlsson wins face-off versus Cody Hodgson in neutral zone.
0:36 of 1st period - Snap shot by Luke Gazdic.
0:36 of 1st period - Deflect By Teuvo Teravainen.
0:36 of 1st period - Stopped by Jean-Francois Berube with a rebound.
0:42 of 1st period - Minor Penalty to Griffin Reinhart for Hooking.
0:43 of 1st period - Brett Olson wins face-off versus Cody Hodgson in Senators zone.
1:14 of 1st period - Snap shot by Tom Kostopoulos.
1:14 of 1st period - Shot Misses the Net.
1:16 of 1st period - Snap shot by Tom Kostopoulos.
1:16 of 1st period - Shot Blocked by Cody Hodgson.
2:14 of 1st period - Slapshot by Kevin Bieksa.
2:14 of 1st period - Shot Misses the Net.
2:30 of 1st period - Snap shot by Luke Gazdic.
2:30 of 1st period - Stopped by Jean-Francois Berube without a rebound.
2:31 of 1st period - William Karlsson wins face-off versus Mike Brown in Senators zone.
2:42 of 1st period - Penalty to Griffin Reinhart is over, Griffin Reinhart is back on ice.
3:02 of 1st period - Minor Penalty to Brett Olson for Tripping.
3:03 of 1st period - William Karlsson wins face-off versus Evan Trupp in Reign zone.
3:27 of 1st period - Wrist shot by Evan Trupp.
3:27 of 1st period - Shot Misses the Net.
3:29 of 1st period - Snap shot by Evan Trupp.
3:29 of 1st period - Deflect By William Karlsson.
3:29 of 1st period - Shot Blocked by Nathan Paetsch.
3:29 of 1st period - Puck is out of play.
3:30 of 1st period - Cody Hodgson wins face-off versus William Karlsson in Reign zone.
3:33 of 1st period - Snap shot by Cody Hodgson.
3:33 of 1st period - Shot Misses the Net.
3:35 of 1st period - Slapshot by Joe Finley.
3:35 of 1st period - Stopped by Troy Grosenick with a rebound.
3:37 of 1st period - Slapshot by Joe Finley.
3:37 of 1st period - Shot Blocked by Justin Falk.
3:39 of 1st period - Slapshot by Joe Finley.
3:39 of 1st period - Shot Misses the Net.
4:25 of 1st period - Kevin Bieksa is hit by Mike Brown and loses puck.
4:48 of 1st period - Snap shot by Evan Trupp.
4:48 of 1st period - Stopped by Troy Grosenick with a rebound.
4:52 of 1st period - Wrist shot by Evan Trupp.
4:52 of 1st period - Shot Blocked by Justin Falk.
4:54 of 1st period - Wrist shot by Josh Leivo.
4:54 of 1st period - Shot Misses the Net.
4:56 of 1st period - Wrist shot by Greg Nemisz.
4:56 of 1st period - Deflect By Evan Trupp.
4:56 of 1st period - Stopped by Troy Grosenick with a rebound.
5:02 of 1st period - Penalty to Brett Olson is over, Brett Olson is back on ice.
5:14 of 1st period - Derek Forbort is hit by Ryan Craig and loses puck.
5:21 of 1st period - Davis Drewiske is hit by Mike Brown and loses puck.
5:38 of 1st period - Snap shot by Davis Drewiske.
5:38 of 1st period - Stopped by Jean-Francois Berube without a rebound.
5:39 of 1st period - Philip McRae wins face-off versus Brett Olson in Senators zone.
6:02 of 1st period - Icing by Tom Kostopoulos.
6:03 of 1st period - Kenny Ryan wins face-off versus Brett Olson in Reign zone.
6:04 of 1st period - Snap shot by Colin Greening.
6:04 of 1st period - Stopped by Troy Grosenick with a rebound.
7:18 of 1st period - Wrist shot by Jason Jaffray.
7:18 of 1st period - Shot Misses the Net.
7:42 of 1st period - Luke Gazdic is hit by Greg Nemisz and loses puck.
8:59 of 1st period - Luke Gazdic is hit by Mike Brown and loses puck.
9:23 of 1st period - Slapshot by Evan Trupp.
9:23 of 1st period - Shot Misses the Net.
9:25 of 1st period - Wrist shot by Evan Trupp.
9:25 of 1st period - Shot Misses the Net.
9:27 of 1st period - Wrist shot by Kenny Ryan.
9:27 of 1st period - Stopped by Troy Grosenick with a rebound.
9:29 of 1st period - Slapshot by Philip McRae.
9:29 of 1st period - Stopped by Troy Grosenick with a rebound.
9:31 of 1st period - Snap shot by Philip McRae.
9:31 of 1st period - Shot Blocked by Taylor Doherty.
9:33 of 1st period - Snap shot by Kenny Ryan.
9:33 of 1st period - Shot Misses the Net.
9:49 of 1st period - Slapshot by Brian McGrattan.
9:49 of 1st period - Shot Misses the Net.
9:54 of 1st period - Off-side.
9:55 of 1st period - C.J. Stretch wins face-off versus Darcy Zajac in neutral zone.
10:21 of 1st period - Icing by Justin Falk.
10:22 of 1st period - Cody Hodgson wins face-off versus C.J. Stretch in Reign zone.
11:20 of 1st period - Minor Penalty to Derek Forbort for Slashing.
11:21 of 1st period - Tom Kostopoulos wins face-off versus Cody Hodgson in Reign zone.
11:26 of 1st period - Slapshot by Evan Oberg.
11:26 of 1st period - Shot Misses the Net.
11:28 of 1st period - Slapshot by Tom Kostopoulos.
11:28 of 1st period - Stopped by Jean-Francois Berube with a rebound.
11:30 of 1st period - Slapshot by Nathan Paetsch.
11:30 of 1st period - Stopped by Jean-Francois Berube with a rebound.
11:32 of 1st period - Slapshot by Nathan Paetsch.
11:32 of 1st period - Shot Blocked by Viktor Loov.
11:34 of 1st period - Slapshot by Nathan Paetsch.
11:34 of 1st period - Stopped by Jean-Francois Berube with a rebound.
12:13 of 1st period - Wrist shot by Jason Jaffray.
12:13 of 1st period - Shot Misses the Net.
12:29 of 1st period - Ryan Craig is hit by Brett Olson and loses puck.
12:48 of 1st period - Wrist shot by Mike Brown.
12:48 of 1st period - Shot Blocked by Kevin Bieksa.
13:06 of 1st period - Kevin Bieksa is hit by Mike Brown and loses puck.
13:20 of 1st period - Penalty to Derek Forbort is over, Derek Forbort is back on ice.
13:47 of 1st period - Derek Forbort is hit by Colton Orr and loses puck.
13:52 of 1st period - Snap shot by Colin Greening.
13:52 of 1st period - Shot Blocked by Derek Forbort.
13:54 of 1st period - Wrist shot by Colin Greening.
13:54 of 1st period - Stopped by Troy Grosenick with a rebound.
14:10 of 1st period - Wrist shot by Darcy Zajac.
14:10 of 1st period - Shot Misses the Net.
14:16 of 1st period - Brian McGrattan is hit by Matt Finn and loses puck.
14:45 of 1st period - Snap shot by Jason Jaffray.
14:45 of 1st period - Stopped by Jean-Francois Berube with a rebound.
14:57 of 1st period - Wrist shot by William Karlsson.
14:57 of 1st period - Stopped by Jean-Francois Berube with a rebound.
15:09 of 1st period - Slapshot by William Karlsson.
15:09 of 1st period - Stopped by Jean-Francois Berube without a rebound.
15:10 of 1st period - William Karlsson wins face-off versus Philip McRae in Senators zone.
15:43 of 1st period - Philip McRae is hit by Brett Olson and loses puck.
16:04 of 1st period - Snap shot by Colin Greening.
16:04 of 1st period - Shot Misses the Net.
16:06 of 1st period - Snap shot by Colton Orr.
16:06 of 1st period - Shot Misses the Net.
16:08 of 1st period - Snap shot by Colin Greening.
16:08 of 1st period - Shot Blocked by Davis Drewiske.
16:10 of 1st period - Slapshot by Colin Greening.
16:10 of 1st period - Shot Misses the Net.
16:12 of 1st period - Snap shot by Darcy Zajac.
16:12 of 1st period - Stopped by Troy Grosenick without a rebound.
16:13 of 1st period - Darcy Zajac wins face-off versus C.J. Stretch in Reign zone.
16:13 of 1st period - Brian McGrattan beats up Colton Orr.
16:13 of 1st period - Penalty to Colton Orr for Fighting.
16:13 of 1st period - Penalty to Brian McGrattan for Fighting.
16:14 of 1st period - C.J. Stretch wins face-off versus Cody Hodgson in Reign zone.
17:13 of 1st period - Nathan Paetsch is hit by Josh Leivo and loses puck.
18:10 of 1st period - Tom Kostopoulos is hit by Evan Trupp and loses puck.
18:33 of 1st period - Snap shot by Josh Leivo.
18:33 of 1st period - Stopped by Troy Grosenick without a rebound.
18:34 of 1st period - Philip McRae wins face-off versus William Karlsson in Reign zone.
19:34 of 1st period - Wrist shot by Mike Brown.
19:34 of 1st period - Shot Blocked by Nathan Paetsch.
Goals for this period are 0 for Reign vs 0 for Senators.
Shots for this period are 9 for Reign vs 9 for Senators.

2nd period


0:01 of 2nd period - Mike Brown wins face-off versus William Karlsson in neutral zone.
0:19 of 2nd period - Snap shot by Mike Brown.
0:19 of 2nd period - Stopped by Troy Grosenick without a rebound.
0:20 of 2nd period - William Karlsson wins face-off versus Cody Hodgson in Reign zone.
0:20 of 2nd period - Ryan Craig and Luke Gazdic fight to a draw.
0:20 of 2nd period - Penalty to Ryan Craig for Fighting.
0:20 of 2nd period - Penalty to Luke Gazdic for Fighting.
0:21 of 2nd period - William Karlsson wins face-off versus Kenny Ryan in Reign zone.
0:37 of 2nd period - Snap shot by William Karlsson.
0:37 of 2nd period - Shot Blocked by Mike Brown.
0:39 of 2nd period - Slapshot by Kevin Bieksa.
0:39 of 2nd period - Stopped by Jean-Francois Berube with a rebound.
0:41 of 2nd period - Slapshot by Justin Falk.
0:41 of 2nd period - Shot Blocked by Jesse Blacker.
1:04 of 2nd period - Griffin Reinhart is hit by Jared Knight and loses puck.
1:19 of 2nd period - Snap shot by Tom Kostopoulos.
1:19 of 2nd period - Shot Misses the Net.
1:32 of 2nd period - Derek Forbort beats up Kenny Ryan.
1:32 of 2nd period - Penalty to Kenny Ryan for Fighting.
1:32 of 2nd period - Penalty to Derek Forbort for Fighting.
1:33 of 2nd period - Evan Trupp wins face-off versus Brett Olson in Senators zone.
1:33 of 2nd period - Evan Trupp is hit by Brett Olson.
1:45 of 2nd period - Snap shot by Evan Trupp.
1:45 of 2nd period - Shot Misses the Net.
2:28 of 2nd period - Matt Finn is hit by Kevin Bieksa and loses puck.
2:39 of 2nd period - Snap shot by Colin Greening.
2:39 of 2nd period - Deflect By Kevin Bieksa.
2:39 of 2nd period - Stopped by Troy Grosenick with a rebound.
2:43 of 2nd period - Snap shot by Colin Greening.
2:43 of 2nd period - Shot Misses the Net.
2:45 of 2nd period - Backhand shot by Matt Finn.
2:45 of 2nd period - Stopped by Troy Grosenick without a rebound.
2:46 of 2nd period - Philip McRae wins face-off versus C.J. Stretch in Reign zone.
2:57 of 2nd period - Wrist shot by Cody Hodgson.
2:57 of 2nd period - Shot Blocked by Brian McGrattan.
2:59 of 2nd period - Slapshot by Philip McRae.
2:59 of 2nd period - Stopped by Troy Grosenick without a rebound.
3:00 of 2nd period - C.J. Stretch wins face-off versus Colton Orr in Reign zone.
3:05 of 2nd period - Philip McRae is hit by Davis Drewiske and loses puck.
3:36 of 2nd period - Wrist shot by Josh Leivo.
3:36 of 2nd period - Shot Misses the Net.
3:38 of 2nd period - Snap shot by Josh Leivo.
3:38 of 2nd period - Shot Misses the Net.
3:40 of 2nd period - Slapshot by Jesse Blacker.
3:40 of 2nd period - Deflect By Greg Nemisz.
3:40 of 2nd period - Stopped by Troy Grosenick without a rebound.
3:41 of 2nd period - Cody Hodgson wins face-off versus William Karlsson in Reign zone.
3:42 of 2nd period - Snap shot by Mike Brown.
3:42 of 2nd period - Shot Misses the Net.
4:34 of 2nd period - Colton Orr is hit by Brett Olson.
4:44 of 2nd period - Jason Jaffray is hit by Josh Leivo and loses puck.
5:19 of 2nd period - Mike Brown is hit by Nathan Paetsch and loses puck.
6:55 of 2nd period - Snap shot by Cody Hodgson.
6:55 of 2nd period - Stopped by Troy Grosenick with a rebound.
7:46 of 2nd period - Icing by Viktor Loov.
7:47 of 2nd period - Kenny Ryan wins face-off versus William Karlsson in Senators zone.
7:58 of 2nd period - Viktor Loov is hit by Taylor Doherty.
8:10 of 2nd period - Slapshot by Kevin Bieksa.
8:10 of 2nd period - Stopped by Jean-Francois Berube without a rebound.
8:11 of 2nd period - Cody Hodgson wins face-off versus Brett Olson in Senators zone.
8:33 of 2nd period - Mike Brown is hit by Evan Oberg and loses puck.
8:34 of 2nd period - Mike Brown from Senators is injured at 8:34 of 2nd period (Broken Left Thumb).
8:35 of 2nd period - Cody Hodgson wins face-off versus Teuvo Teravainen in Senators zone.
8:39 of 2nd period - Luke Gazdic beats up Ryan Craig.
8:39 of 2nd period - Penalty to Ryan Craig for Fighting.
8:39 of 2nd period - Penalty to Luke Gazdic for Fighting.
8:40 of 2nd period - Cody Hodgson wins face-off versus William Karlsson in neutral zone.
9:12 of 2nd period - Colton Orr and Jared Knight fight to a draw.
9:12 of 2nd period - Penalty to Colton Orr for Fighting.
9:12 of 2nd period - Penalty to Jared Knight for Fighting.
9:13 of 2nd period - Evan Trupp wins face-off versus Brett Olson in Senators zone.
9:13 of 2nd period - Evan Trupp is hit by Brett Olson.
10:26 of 2nd period - Snap shot by Teuvo Teravainen.
10:26 of 2nd period - Shot Misses the Net.
10:28 of 2nd period - Wrist shot by Brian McGrattan.
10:28 of 2nd period - Shot Blocked by Viktor Loov.
10:30 of 2nd period - Slapshot by Nathan Paetsch.
10:30 of 2nd period - Shot Blocked by Kenny Ryan.
10:32 of 2nd period - Snap shot by William Karlsson.
10:32 of 2nd period - Deflect By Teuvo Teravainen.
10:32 of 2nd period - Stopped by Jean-Francois Berube without a rebound.
10:33 of 2nd period - C.J. Stretch wins face-off versus Cody Hodgson in Senators zone.
10:49 of 2nd period - Backhand shot by Kenny Ryan.
10:49 of 2nd period - Shot Misses the Net.
10:51 of 2nd period - Slapshot by Tom Nilsson.
10:51 of 2nd period - Stopped by Troy Grosenick without a rebound.
10:52 of 2nd period - Cody Hodgson wins face-off versus C.J. Stretch in Reign zone.
11:17 of 2nd period - Slapshot by Evan Trupp.
11:17 of 2nd period - Shot Misses the Net.
11:47 of 2nd period - Darcy Zajac is hit by Justin Falk and loses puck.
12:39 of 2nd period - Viktor Loov is hit by Kevin Bieksa and loses puck.
13:09 of 2nd period - Wrist shot by William Karlsson.
13:09 of 2nd period - Stopped by Jean-Francois Berube with a rebound.
13:58 of 2nd period - Wrist shot by Brian McGrattan.
13:58 of 2nd period - Deflect By C.J. Stretch.
13:58 of 2nd period - Stopped by Jean-Francois Berube with a rebound.
14:37 of 2nd period - Slapshot by Ryan Craig.
14:37 of 2nd period - Shot Misses the Net.
15:20 of 2nd period - Slapshot by Ryan Craig.
15:20 of 2nd period - Goal by Ryan Craig - Reign : 0 - Senators : 1.
15:21 of 2nd period - Philip McRae wins face-off versus Brian McGrattan in neutral zone.
15:26 of 2nd period - Backhand shot by Philip McRae.
15:26 of 2nd period - Stopped by Troy Grosenick with a rebound.
16:06 of 2nd period - Ryan Craig is hit by Brett Olson and loses puck.
16:21 of 2nd period - Minor Penalty to Derek Forbort for High sticking.
16:22 of 2nd period - Cody Hodgson wins face-off versus William Karlsson in Reign zone.
17:01 of 2nd period - Snap shot by William Karlsson.
17:01 of 2nd period - Shot Misses the Net.
17:03 of 2nd period - Snap shot by William Karlsson.
17:03 of 2nd period - Shot Blocked by Griffin Reinhart.
17:05 of 2nd period - Slapshot by Nathan Paetsch.
17:05 of 2nd period - Stopped by Jean-Francois Berube with a rebound.
17:07 of 2nd period - Wrist shot by William Karlsson.
17:07 of 2nd period - Shot Blocked by Greg Nemisz.
17:09 of 2nd period - Slapshot by Taylor Doherty.
17:09 of 2nd period - Deflect By William Karlsson.
17:09 of 2nd period - Shot Misses the Net.
17:09 of 2nd period - Puck is out of play.
17:10 of 2nd period - William Karlsson wins face-off versus Cody Hodgson in Senators zone.
18:15 of 2nd period - Wrist shot by Ryan Craig.
18:15 of 2nd period - Stopped by Troy Grosenick with a rebound.
18:21 of 2nd period - Penalty to Derek Forbort is over, Derek Forbort is back on ice.
18:25 of 2nd period - Snap shot by Cody Hodgson.
18:25 of 2nd period - Stopped by Troy Grosenick with a rebound.
18:27 of 2nd period - Slapshot by Colton Orr.
18:27 of 2nd period - Stopped by Troy Grosenick with a rebound.
19:42 of 2nd period - C.J. Stretch is hit by Colin Greening.
Goals for this period are 0 for Reign vs 1 for Senators.
Shots for this period are 6 for Reign vs 12 for Senators.

3rd period


0:01 of 3rd period - Evan Trupp wins face-off versus Teuvo Teravainen in neutral zone.
0:52 of 3rd period - Cody Hodgson is hit by Tom Kostopoulos.
1:06 of 3rd period - Snap shot by Cody Hodgson.
1:06 of 3rd period - Stopped by Troy Grosenick with a rebound.
1:08 of 3rd period - Snap shot by Philip McRae.
1:08 of 3rd period - Shot Blocked by Kevin Bieksa.
1:40 of 3rd period - Joe Finley beats up Brian McGrattan.
1:40 of 3rd period - Penalty to Joe Finley for Fighting.
1:40 of 3rd period - Penalty to Brian McGrattan for Fighting.
1:41 of 3rd period - William Karlsson wins face-off versus Evan Trupp in Reign zone.
2:30 of 3rd period - Nathan Paetsch is hit by Griffin Reinhart and loses puck.
2:44 of 3rd period - Wrist shot by Jared Knight.
2:44 of 3rd period - Shot Blocked by Philip McRae.
2:46 of 3rd period - Slapshot by Davis Drewiske.
2:46 of 3rd period - Stopped by Jean-Francois Berube with a rebound.
2:48 of 3rd period - Slapshot by Davis Drewiske.
2:48 of 3rd period - Shot Misses the Net.
2:56 of 3rd period - Snap shot by C.J. Stretch.
2:56 of 3rd period - Shot Misses the Net.
2:58 of 3rd period - Snap shot by Jared Knight.
2:58 of 3rd period - Shot Blocked by Griffin Reinhart.
3:00 of 3rd period - Wrist shot by Jared Knight.
3:00 of 3rd period - Shot Misses the Net.
3:20 of 3rd period - Slapshot by Tom Kostopoulos.
3:20 of 3rd period - Shot Misses the Net.
3:22 of 3rd period - Slapshot by Kevin Bieksa.
3:22 of 3rd period - Shot Blocked by Griffin Reinhart.
3:24 of 3rd period - Slapshot by Kevin Bieksa.
3:24 of 3rd period - Shot Blocked by Jesse Blacker.
3:37 of 3rd period - Slapshot by Kevin Bieksa.
3:37 of 3rd period - Shot Misses the Net.
3:39 of 3rd period - Slapshot by Kevin Bieksa.
3:39 of 3rd period - Deflect By Jason Jaffray.
3:39 of 3rd period - Shot Misses the Net.
3:39 of 3rd period - Puck is out of play.
3:40 of 3rd period - Evan Trupp wins face-off versus William Karlsson in Senators zone.
4:14 of 3rd period - Icing by Evan Trupp.
4:15 of 3rd period - C.J. Stretch wins face-off versus Josh Leivo in Senators zone.
5:13 of 3rd period - Tom Nilsson is hit by Taylor Doherty and loses puck.
5:22 of 3rd period - Snap shot by Tom Kostopoulos.
5:22 of 3rd period - Stopped by Jean-Francois Berube without a rebound.
5:23 of 3rd period - William Karlsson wins face-off versus Kenny Ryan in Senators zone.
5:38 of 3rd period - Snap shot by Luke Gazdic.
5:38 of 3rd period - Shot Misses the Net.
5:40 of 3rd period - Snap shot by Luke Gazdic.
5:40 of 3rd period - Stopped by Jean-Francois Berube without a rebound.
5:41 of 3rd period - Kenny Ryan wins face-off versus William Karlsson in Senators zone.
7:47 of 3rd period - Joe Finley is hit by Matej Stransky and loses puck.
9:09 of 3rd period - Icing by Kenny Ryan.
9:10 of 3rd period - Philip McRae wins face-off versus Brett Olson in Senators zone.
9:15 of 3rd period - Jason Jaffray is hit by Philip McRae and loses puck.
9:24 of 3rd period - Minor Penalty to Kevin Bieksa for Tripping.
9:25 of 3rd period - William Karlsson wins face-off versus Evan Trupp in Reign zone.
9:43 of 3rd period - Wrist shot by Josh Leivo.
9:43 of 3rd period - Shot Misses the Net.
10:46 of 3rd period - Backhand shot by Evan Trupp.
10:46 of 3rd period - Shot Blocked by C.J. Stretch.
10:48 of 3rd period - Wrist shot by Greg Nemisz.
10:48 of 3rd period - Shot Misses the Net.
10:50 of 3rd period - Snap shot by Greg Nemisz.
10:50 of 3rd period - Shot Misses the Net.
11:12 of 3rd period - Snap shot by Darcy Zajac.
11:12 of 3rd period - Shot Misses the Net.
11:24 of 3rd period - Penalty to Kevin Bieksa is over, Kevin Bieksa is back on ice.
11:44 of 3rd period - Slapshot by Cody Hodgson.
11:44 of 3rd period - Shot Blocked by Nathan Paetsch.
11:46 of 3rd period - Slapshot by Tom Nilsson.
11:46 of 3rd period - Shot Misses the Net.
11:54 of 3rd period - Snap shot by Cody Hodgson.
11:54 of 3rd period - Deflect By Philip McRae.
11:54 of 3rd period - Shot Blocked by Kevin Bieksa.
11:54 of 3rd period - Puck is out of play.
11:55 of 3rd period - C.J. Stretch wins face-off versus Philip McRae in Reign zone.
12:26 of 3rd period - Wrist shot by Brian McGrattan.
12:26 of 3rd period - Stopped by Jean-Francois Berube with a rebound.
12:42 of 3rd period - Philip McRae is hit by Taylor Doherty and loses puck.
13:24 of 3rd period - Off-side.
13:25 of 3rd period - Cody Beach wins face-off versus Cody Hodgson in neutral zone.
13:28 of 3rd period - Slapshot by Kevin Bieksa.
13:28 of 3rd period - Deflect By Brian McGrattan.
13:28 of 3rd period - Shot Misses the Net.
13:28 of 3rd period - Puck is out of play.
13:29 of 3rd period - C.J. Stretch wins face-off versus Cody Hodgson in Senators zone.
13:33 of 3rd period - Minor Penalty to Joe Finley for Holding.
13:34 of 3rd period - Jason Jaffray wins face-off versus Cody Hodgson in Senators zone.
13:46 of 3rd period - Slapshot by Kevin Bieksa.
13:46 of 3rd period - Shot Blocked by Ryan Craig.
13:48 of 3rd period - Slapshot by Justin Falk.
13:48 of 3rd period - Shot Blocked by Ryan Craig.
13:50 of 3rd period - Slapshot by Justin Falk.
13:50 of 3rd period - Stopped by Jean-Francois Berube without a rebound.
13:51 of 3rd period - Cody Hodgson wins face-off versus Brett Olson in Senators zone.
13:56 of 3rd period - Kevin Bieksa is hit by Jesse Blacker and loses puck.
14:17 of 3rd period - Slapshot by Kevin Bieksa.
14:17 of 3rd period - Shot Misses the Net.
14:33 of 3rd period - William Karlsson is hit by Josh Leivo.
14:50 of 3rd period - Josh Leivo is hit by Luke Gazdic and loses puck.
15:13 of 3rd period - Wrist shot by Tom Kostopoulos.
15:13 of 3rd period - Stopped by Jean-Francois Berube with a rebound.
15:15 of 3rd period - Wrist shot by Tom Kostopoulos.
15:15 of 3rd period - Shot Hit the Post.
15:33 of 3rd period - Penalty to Joe Finley is over, Joe Finley is back on ice.
15:34 of 3rd period - William Karlsson is hit by Joe Finley and loses puck.
15:51 of 3rd period - Jesse Blacker is hit by Cody Beach and loses puck.
16:05 of 3rd period - Colton Orr beats up Taylor Doherty.
16:05 of 3rd period - Penalty to Colton Orr for Fighting.
16:05 of 3rd period - Colton Orr is ejected from game.
16:05 of 3rd period - Penalty to Taylor Doherty for Fighting.
16:06 of 3rd period - C.J. Stretch wins face-off versus Evan Trupp in Senators zone.
16:11 of 3rd period - Slapshot by Kevin Bieksa.
16:11 of 3rd period - Shot Blocked by Joe Finley.
16:23 of 3rd period - Snap shot by Evan Trupp.
16:23 of 3rd period - Stopped by Troy Grosenick without a rebound.
16:24 of 3rd period - C.J. Stretch wins face-off versus Josh Leivo in Reign zone.
16:28 of 3rd period - Off-side.
16:29 of 3rd period - Philip McRae wins face-off versus Jason Jaffray in neutral zone.
16:42 of 3rd period - Slapshot by Philip McRae.
16:42 of 3rd period - Stopped by Troy Grosenick without a rebound.
16:43 of 3rd period - Philip McRae wins face-off versus Brett Olson in Reign zone.
16:52 of 3rd period - Wrist shot by Cody Hodgson.
16:52 of 3rd period - Stopped by Troy Grosenick with a rebound.
18:13 of 3rd period - Teuvo Teravainen is hit by Colin Greening and loses puck.
18:23 of 3rd period - Joe Finley beats up Luke Gazdic.
18:23 of 3rd period - Penalty to Joe Finley for Fighting.
18:23 of 3rd period - Penalty to Luke Gazdic for Fighting.
18:23 of 3rd period - Luke Gazdic is ejected from game.
18:23 of 3rd period - Penalty to Luke Gazdic for instigated a fight.
18:23 of 3rd period - Penalty to Luke Gazdic for instigated a fight.
18:24 of 3rd period - William Karlsson wins face-off versus Evan Trupp in neutral zone.
19:07 of 3rd period - Kevin Bieksa is hit by Griffin Reinhart and loses puck.
Goals for this period are 0 for Reign vs 0 for Senators.
Shots for this period are 6 for Reign vs 4 for Senators.